Map: Heavy Artillery LE

Players

PiPuxD

  • Race: Protoss Protoss
  • League: Gold
  • Spawn Location: 7:00

MattBarry

  • Race: Zerg Zerg
  • League: Gold
  • Spawn Location: 7:00

Ceda

  • Race: Zerg Zerg
  • League: Gold
  • Spawn Location: 3:00

PANZER

  • Race: Terran Terran
  • League: Platinum
  • Spawn Location: 1:00

VOD

Have the link to the VOD?

Description

Time

  • Played on: Jan. 28, 2023, 11:45 p.m.
  • Length: 13:17
Show
View Real Time Build Order
Export as new Build Order

PiPuxD Protoss 

Build Orders: 1 Gate Expand, Double Forge, Oracle Opening 

Get SALT Encoding   

  12  0:00  Probe  
  13  0:12  Probe  
  14  0:18  Pylon  
  14  0:24  Probe  
  15  0:36  Probe (Chrono Boost)  
  15  0:39  Gateway  
  16  0:48  Assimilator, Probe (Chrono Boost)  
  17  0:58  Probe  
  19  1:11  Probe  
  19  1:23  Probe  
  19  1:24  Nexus  
  20  1:35  Probe  
  21  1:41  Cybernetics Core  
  21  1:47  Pylon  
  21  1:49  Probe  
  22  2:01  Probe  
  23  2:10  Assimilator  
  23  2:13  Probe  
  24  2:23  Stargate  
  24  2:27  Pylon  
  24  2:28  Probe  
  25  2:37  Probe  
  25  2:40  Warp Gate  
  25  2:43  Adept  
  28  2:49  Probe  
  29  2:53  Probe  
  29  2:57  Assimilator  
  30  3:01  Probe  
  30  3:05  Probe  
  32  3:09  Oracle (Chrono Boost)  
  32  3:11  Adept (Chrono Boost)  
  35  3:13  Probe  
  35  3:17  Probe  
  39  3:26  Probe  
  40  3:29  Probe  
  40  3:30  Pylon  
  41  3:50  Probe x2  
  41  3:53  Gateway  
  41  3:54  Adept  
  45  3:56  Gateway  
  45  4:02  Probe x2  
  47  4:16  Probe x2  
  46  4:20  Assimilator, Oracle  
  49  4:25  Pylon  
  49  4:32  Stalker  
  51  4:46  Twilight Council  
  51  4:47  Forge  
  51  4:50  Forge  
  51  4:52  Pylon  
  51  4:54  Probe x2  
  51  4:55  Stalker x2  
  51  4:56  Stalker  
  59  5:06  Probe x2  
  61  5:12  Blink (Chrono Boost)  
  61  5:15  Protoss Ground Weapons Level 1 (Chrono Boost)  
  61  5:17  Pylon, Protoss Ground Armor Level 1 (Chrono Boost)  
  61  5:18  Probe x2  
  63  5:26  Stalker x2  
  63  5:27  Stalker  
  69  5:49  Stalker x2  
  73  5:51  Stalker  
  73  5:56  Probe x2  
  77  6:01  Gateway  
  77  6:02  Gateway  
  77  6:05  Gateway  
  77  6:08  Pylon, Probe  
  77  6:09  Probe  
  79  6:13  Stalker  
  79  6:14  Sentry, Stalker  
  79  6:44  Stalker x3  
  83  6:57  Protoss Ground Weapons Level 2 (Chrono Boost)  
  83  6:58  Stalker x2  
  87  7:02  Protoss Ground Armor Level 2 (Chrono Boost)  
  87  7:04  Stalker  
  87  7:07  Stalker x2  
  93  7:16  Pylon  
  93  7:18  Pylon  
  93  7:20  Pylon  
  93  7:23  Robotics Facility  
  93  7:25  Charge  
  93  7:34  Stalker x2  
  93  7:35  Stalker x2  
  93  7:36  Stalker  
  93  7:37  Stalker  
  65  8:13  Stalker  
  65  8:14  Stalker x5  
  69  8:39  Stalker x4  
  69  8:40  Stalker x2  
  81  8:52  Observer  
  82  9:03  Robotics Bay  
  82  9:04  Zealot  
  82  9:05  Zealot x4  
  82  9:06  Zealot  
  90  9:30  Zealot x6  
  80  9:50  Zealot x3  
  80  9:51  Zealot x3  
  64  10:12  Stalker x4  
  64  10:13  Stalker x2  
  69  10:23  Disruptor  
  69  10:26  Protoss Ground Weapons Level 3 (Chrono Boost), Protoss Ground Armor Level 3 (Chrono Boost)  
  72  10:38  Stalker x2  
  72  10:39  Stalker x2  
  67  11:11  Pylon, Nexus  
  60  11:22  Stalker x3  
  65  11:34  Stalker  
  67  11:57  Stalker x3  
  73  12:06  Photon Cannon  
  73  12:14  Stalker x3  
  79  12:21  Stalker x3  
  73  12:46  Nexus  
  73  12:47  Pylon  
  73  12:48  Pylon  
Show
View Real Time Build Order
Export as new Build Order

MattBarry Zerg 

Build Orders: Pool First 

Get SALT Encoding   

  12  0:00  Drone  
  13  0:09  Drone  
  14  0:15  Extractor  
  14  0:18  Extractor  
  14  0:19  Drone  
  13  0:21  Drone  
  16  0:39  Spawning Pool  
  15  0:45  Extractor  
  15  0:47  Drone, Extractor  
  15  0:52  Overlord  
  15  1:13  Hatchery  
  15  1:17  Drone  
  15  1:22  Drone  
  15  1:24  Drone  
  17  1:36  Queen  
  19  1:42  Zergling x2  
  20  1:48  Zergling x2  
  21  1:57  Drone  
  22  2:06  Overlord  
  22  2:12  Extractor  
  22  2:13  Overlord  
  22  2:23  Queen, Metabolic Boost  
  24  2:37  Drone x4  
  28  2:47  Queen  
  30  2:56  Drone x2  
  30  3:07  Zergling x4  
  30  3:08  Roach Warren  
  30  3:10  Zergling x2  
  32  3:15  Zergling x2  
  32  3:52  Drone  
  32  3:53  Drone x7  
  40  3:57  Lair  
  40  4:13  Hatchery  
  39  4:18  Drone  
  39  4:19  Drone x2, Overlord x2  
  42  4:27  Extractor  
  42  4:30  Drone  
  42  4:31  Baneling Nest, Drone  
  43  4:32  Overlord  
  42  4:49  Zergling x6  
  42  4:50  Zergling x2, Roach x2  
  50  5:01  Glial Reconstitution  
  50  5:06  Evolution Chamber x2  
  48  5:08  Queen  
  48  5:12  Spore Crawler  
  48  5:13  Spore Crawler  
  48  5:15  Drone x4  
  48  5:16  Drone x2  
  54  5:43  Roach x9, Drone  
  71  6:21  Zerg Melee Weapons Level 1  
  71  6:22  Zerg Ground Armor Level 1  
  66  6:27  Evolution Chamber  
  66  6:31  Zergling x2  
  66  6:32  Zergling x10  
  69  6:38  Zergling x4  
  69  6:39  Zergling x22  
  70  6:45  Drone  
  70  6:47  Queen  
  71  6:51  Ravager  
  71  6:52  Overlord x2  
  71  6:54  Zerg Missile Weapons Level 1  
  72  7:09  Baneling x6  
  72  7:17  Drone x6, Extractor  
  72  7:18  Roach x2, Extractor  
  72  7:22  Queen  
  82  7:34  Overseer  
  66  7:57  Zergling x2  
  66  7:58  Zergling x32  
  64  8:03  Zergling x2  
  64  8:04  Zergling x6  
  57  8:11  Spore Crawler  
  50  8:29  Drone  
  50  8:30  Drone x8  
  56  8:44  Drone  
  56  8:45  Drone x5  
  60  8:55  Hydralisk Den  
  59  9:04  Drone x7  
  59  9:05  Drone  
  59  9:08  Queen x2  
  71  9:17  Zergling x2  
  71  9:18  Zergling x2, Overlord  
  71  9:19  Overlord  
  73  9:24  Spore Crawler  
  73  9:26  Spore Crawler x2  
  73  9:28  Spore Crawler  
  69  9:32  Spore Crawler  
  69  9:34  Spore Crawler  
  67  9:38  Overlord  
  67  9:39  Overlord  
  67  9:52  Zergling x2  
  68  9:53  Zergling x16  
  74  10:03  Hydralisk x3  
  69  10:18  Hydralisk x2  
  69  10:19  Hydralisk x2  
  60  10:52  Hydralisk  
  60  10:53  Hydralisk  
  55  11:11  Drone  
  55  11:12  Drone x11  
  55  11:13  Drone x2  
  55  11:14  Drone x5  
  55  11:16  Queen  
  55  11:17  Queen x2  
  74  11:34  Hydralisk x2  
  74  11:35  Hydralisk x3  
  84  11:52  Queen  
  86  12:02  Zergling x2  
  86  12:03  Zergling x20  
  97  12:21  Zergling x2  
  98  12:23  Overlord x3  
  98  12:24  Overlord  
Show
View Real Time Build Order
Export as new Build Order

Ceda Zerg 

Build Orders: Hatch First 

Get SALT Encoding   

  12  0:01  Drone  
  13  0:15  Overlord  
  13  0:18  Drone  
  14  0:33  Drone x2  
  16  0:42  Drone  
  17  0:56  Hatchery  
  16  1:04  Extractor  
  15  1:12  Spawning Pool  
  15  1:13  Drone  
  15  1:20  Drone  
  15  1:22  Drone  
  17  1:30  Drone  
  19  1:40  Drone  
  19  1:53  Drone  
  20  2:00  Queen  
  22  2:11  Queen  
  22  2:12  Metabolic Boost  
  24  2:18  Zergling x6  
  27  2:24  Overlord  
  27  2:26  Drone  
  28  2:41  Queen  
  30  2:49  Drone  
  30  2:50  Drone  
  30  2:51  Queen  
  32  2:52  Overlord  
  35  3:12  Drone  
  35  3:13  Drone x3  
  35  3:14  Zergling x6  
  41  3:27  Drone x3  
  41  3:28  Overlord  
  41  3:59  Spore Crawler  
  41  4:01  Spore Crawler  
  39  4:04  Lair  
  39  4:06  Drone x10  
  46  4:20  Drone x3  
  48  4:41  Extractor  
  48  4:42  Extractor, Overlord  
  48  4:43  Overlord  
  46  4:51  Overlord x2  
  46  4:59  Drone x4  
  50  5:00  Extractor, Overlord x2  
  49  5:09  Drone  
  49  5:11  Drone x3  
  53  5:17  Spire  
  52  5:22  Overseer  
  52  5:23  Pneumatized Carapace  
  52  5:35  Zergling x10  
  53  5:36  Zergling x2  
  58  5:46  Zergling x8  
  62  6:01  Zergling x2  
  62  6:02  Zergling x6  
  66  6:12  Hatchery  
  61  6:39  Mutalisk x2  
  61  6:40  Mutalisk x6  
  61  6:41  Mutalisk x2  
  81  6:50  Zergling x4  
  83  6:59  Zergling x4  
  85  7:11  Mutalisk x2  
  89  7:18  Zergling x2  
  89  7:19  Zergling x12  
  96  7:26  Queen  
  96  7:29  Overlord x2  
  72  8:07  Zergling x28  
  83  8:45  Mutalisk x5  
  83  8:46  Mutalisk x6  
  105  8:49  Drone x6  
  105  8:55  Zerg Flyer Weapons Level 1  
  111  8:58  Evolution Chamber  
  111  9:00  Evolution Chamber  
  109  9:07  Overseer x2  
  109  9:31  Zerg Ground Armor Level 1  
  109  9:33  Zerg Melee Weapons Level 1  
  109  9:34  Overlord x3  
  96  9:53  Zergling x14  
  96  9:54  Zergling x10  
  101  10:32  Mutalisk  
  101  10:33  Mutalisk x6  
  115  10:38  Drone x2, Extractor  
  115  10:39  Drone  
  115  10:40  Extractor  
  108  11:21  Overlord x2  
  108  11:38  Drone x2  
  108  11:39  Drone x8  
  118  11:47  Overlord  
  118  11:52  Infestation Pit  
  117  12:03  Overseer x2  
  117  12:11  Infestation Pit, Baneling Nest  
  115  12:19  Zergling x2  
  115  12:20  Zergling x22  
Show
View Real Time Build Order
Export as new Build Order

PANZER Terran 

Build Orders:  

Get SALT Encoding   

  12  0:03  SCV  
  13  0:16  Supply Depot  
  13  0:18  SCV  
  14  0:30  SCV  
  15  0:46  Barracks  
  15  0:50  SCV  
  16  1:02  SCV  
  17  1:17  SCV  
  18  1:31  SCV  
  19  1:35  Marine  
  19  1:36  Command Center  
  20  1:40  Refinery  
  20  1:41  Refinery  
  20  1:48  Orbital Command  
  20  1:57  Marine  
  21  2:11  Barracks  
  21  2:14  SCV  
  22  2:18  Supply Depot  
  22  2:23  Marine  
  23  2:36  Factory  
  23  2:40  SCV  
  24  2:49  Orbital Command  
  24  2:53  Barracks Tech Lab  
  24  2:54  SCV  
  25  3:05  Marine  
  26  3:08  Orbital Command  
  26  3:09  SCV  
  26  3:12  Stimpack  
  27  3:13  Supply Depot, Marine  
  28  3:22  Factory Tech Lab  
  28  3:25  SCV  
  29  3:28  Marine  
  29  3:31  Marine  
  31  3:46  Marine  
  29  3:48  Marine  
  29  3:50  Widow Mine, SCV  
  33  4:03  SCV x2  
  33  4:04  Marine  
  33  4:06  Marine  
  37  4:13  Starport  
  37  4:20  SCV x2  
  43  4:24  Marine  
  43  4:28  Barracks Reactor  
  43  4:29  Siege Tank  
  43  4:32  SCV  
  43  4:38  Barracks  
  44  4:42  Marine  
  45  4:51  Starport Reactor, Barracks  
  45  4:53  SCV x2  
  45  4:56  Concussive Shells  
  47  5:00  Marine  
  47  5:05  SCV x2  
  50  5:09  Supply Depot  
  50  5:10  Supply Depot  
  50  5:17  SCV  
  50  5:18  Marauder  
  53  5:28  Barracks Tech Lab  
  53  5:29  Supply Depot, Engineering Bay  
  53  5:30  Supply Depot, Marine  
  53  5:31  Siege Tank, Medivac  
  53  5:34  Refinery  
  59  5:36  Refinery  
  59  5:37  SCV  
  59  5:39  SCV, Marauder  
  59  5:42  Barracks Tech Lab  
  64  5:50  SCV  
  64  5:51  Marine, SCV  
  64  5:52  Marauder  
  68  5:57  Medivac  
  68  6:01  Marauder  
  68  6:02  SCV  
  68  6:03  SCV  
  74  6:13  Liberator  
  74  6:14  SCV  
  78  6:22  Marauder  
  80  6:40  Marine x3  
  80  6:41  Marauder  
  80  6:44  Marauder  
  86  7:44  Supply Depot  
  86  7:45  Supply Depot  
  86  7:46  Supply Depot  
  86  7:55  Marine x3  
  86  7:56  Marine, Marauder  
  68  8:13  Marine x4  
  68  8:17  Marine  
  68  8:27  Siege Tank  
  68  8:31  Marine x4  
  75  8:35  Marine  
  76  8:47  SCV x2  
  78  8:49  Marine x4  
  78  8:53  Marine  
  83  8:56  Liberator, Medivac  
  83  8:59  SCV  
  83  9:00  Siege Tank  
  92  9:06  Marine x2  
  92  9:07  Marine x2  
  92  9:09  Command Center  
  96  9:10  Marine  
  96  9:11  Refinery  
  96  9:16  Terran Infantry Armor Level 1  
  97  9:24  Marine x3, SCV x2  
  99  9:25  Marine  
  99  9:26  Medivac  
  99  9:27  Supply Depot  
  99  9:28  Supply Depot x2  
  99  9:29  Marauder  
  96  9:32  Siege Tank  
  96  9:36  SCV x2  
  95  9:39  Liberator  
  95  9:42  Marine x3  
  95  9:43  Marine  
  101  9:48  SCV  
  102  9:56  Medivac  
  94  10:04  Marine x2, Siege Tank  
  94  10:06  Marine x3  
  90  10:22  Marine, Medivac  
  90  10:26  Medivac  
  95  10:36  Siege Tank  
  94  10:44  Command Center  
  94  10:45  Refinery  
  94  10:46  Refinery  
  94  10:48  Marine x2  
  96  10:51  Medivac  
  96  10:55  Medivac  
  100  11:07  Marine x2  
  100  11:08  Marine x2, Marauder  
  106  11:25  Marine x2  
  106  11:26  SCV, Marauder x2  
  106  11:27  SCV  
  106  11:30  Marauder  
  106  11:31  Medivac  
  106  11:32  Medivac  
  120  11:33  Siege Tank  
  120  11:38  SCV  
  120  11:39  SCV  
  125  11:43  Marine x2  
  127  11:47  Marine  
  127  11:51  SCV x2  
  130  11:59  Marine x2  
  130  12:01  Marine x2  
  133  12:03  SCV  
  133  12:05  Marine, Siege Tank  
  133  12:07  Planetary Fortress  
  139  12:10  Missile Turret  
  139  12:11  Missile Turret  
  139  12:13  SCV  
  139  12:15  SCV  
  141  12:17  Marine x2  
  143  12:26  SCV, Medivac x2  
  143  12:27  Marine  
  149  12:31  Supply Depot x2  
  149  12:32  Supply Depot  
  149  12:52  Marine x5  
Tags
 
Add a new tag
Caveats
  • Supply blocks, unpowered buildings, or Contaminate may cause inaccurate times.
  • Supply counts are checked every 10 seconds.